 Dungeon Crawl Stone Soup version 0.22-b1-59-g0aedee734a (webtiles) character file.

257 Pisosu the Chopper (level 5, -6/48 HPs)
             Began as a Minotaur Berserker on Aug 10, 2018.
             Was a Priest of Trog.
             Mangled by a mummy (16 damage)
             ... in an ossuary.
             The game lasted 00:06:51 (3363 turns).

Pisosu the Chopper (Minotaur Berserker)             Turns: 3363, Time: 00:06:51

Health: -6/48      AC:  2    Str: 22    XL:     5   Next: 93%
Magic:  4/4        EV: 11    Int:  4    God:    Trog [***...]
Gold:   169        SH:  3    Dex: 10    Spells: 4/4 levels left

rFire    . . .     SeeInvis .   a - +0 hand axe
rCold    . . .     Gourm    .   j - +0 buckler
rNeg     . . .     Faith    .   b - +0 animal skin
rPois    .         Spirit   .   (helmet restricted)
rElec    .         Reflect  .   (no cloak)
rCorr    .         Harm     .   (no gloves)
MR       ++...                  (no boots)
Stlth    ++........             (no amulet)
HPRegen  1.16/turn              k - ring of stealth
MPRegen  0.09/turn              (no ring)

@: regenerating
A: retaliatory headbutt, horns 2
a: Berserk, Trog's Hand, Renounce Religion


You were in an ossuary.
You worshipped Trog.
Trog was most pleased with you.
You were very hungry.

You visited 1 branch of the dungeon, and saw 4 of its levels.
You also visited: Ossuary.

You collected 169 gold pieces.

Inventory:

Hand Weapons
 a - a +0 hand axe (weapon)
Missiles
 n - 21 bolts
Armour
 b - a +0 animal skin (worn)
 j - a +0 buckler (worn)
Jewellery
 k - a ring of stealth (left hand)
Scrolls
 e - 7 scrolls of identify {unknown}
 f - a scroll of fear {unknown}
 i - 2 scrolls of enchant weapon {unknown}
 l - 3 scrolls of remove curse {unknown}
Potions
 d - a potion of magic {unknown}
 g - a potion of cancellation {unknown}
 h - 4 potions of curing {unknown}
 m - a potion of heal wounds {unknown}
 o - a potion of resistance {unknown}
 p - 2 potions of ambrosia {unknown}
Comestibles
 c - 6 rations


   Skills:
 + Level 5.1 Fighting
 + Level 6.9 Axes
 + Level 2.9 Armour
 - Level 2.1 Dodging
 + Level 0.6 Shields


You had 4 spell levels left.
You didn't know any spells.
Your spell library was empty.

Dungeon Overview and Level Annotations

Branches:
Dungeon (4/15)
 Temple: D:4-7

Altars:
Zin


Innate Abilities, Weirdness & Mutations

You reflexively headbutt those who attack you in melee.
You have a pair of horns on your head.


Message History

You hit the elf zombie.
The elf zombie is heavily damaged.
You barely miss the big kobold zombie. The elf zombie misses you.
You hit the elf zombie. Your headbutt misses the elf zombie.
The elf zombie is heavily damaged.
You hit the big kobold zombie. The big kobold zombie hits you.
* * * LOW HITPOINT WARNING * * *
You hit the mummy.
The mummy is moderately damaged.
You hit the big kobold zombie.
The big kobold zombie closely misses you.
You barely miss the mummy.
The mummy is moderately damaged.
You closely miss the big kobold zombie. The big kobold zombie hits you.
* * * LOW HITPOINT WARNING * * *
Your skin crawls.
You feel resistant to hostile enchantments.
You are feeling very hungry.
The mummy hits you!
You die...

...................#..
......................
......................#
...........Z...##.....#
..........ZZ...##.....#
.........Z.Z..........#
. ...................
....#####.........##+
.......@MZ........#
......∩.ZZ........#
###################


You could see a mummy, 2 big kobold zombies and a human zombie.

Vanquished Creatures
  A centaur skeleton (D:3)
  An orc priest (D:3)
  A worker ant (D:2)
  A hound zombie (Ossuary)
  A mummy (Ossuary)
  5 adders
  2 adder zombies (Ossuary)
  2 oozes (D:2)
  2 worms
  4 dart slugs
  2 leopard geckos (D:2)
  7 orcs (D:3)
  7 giant cockroaches
  5 goblins
  4 hobgoblins
  A quokka (D:3)
  5 bats
  A frilled lizard (D:3)
  A goblin zombie (Ossuary)
  10 kobolds
  10 rats
  A rat zombie (Ossuary)
74 creatures vanquished.

Notes
Turn   | Place    | Note
-------+----------+-------------------------------------------
     0 | D:1      | Pisosu the Minotaur Berserker began the quest for the Orb.
     0 | D:1      | Reached XP level 1. HP: 19/19 MP: 0/0
   118 | D:1      | Reached skill level 4 in Axes
   119 | D:1      | Reached XP level 2. HP: 20/27 MP: 1/1
   765 | D:2      | Reached XP level 3. HP: 33/33 MP: 2/2
   930 | D:2      | Reached ** piety under Trog
  1150 | D:2      | Reached skill level 5 in Axes
  1316 | D:2      | Reached XP level 4. HP: 16/41 MP: 3/3
  2567 | D:3      | Reached XP level 5. HP: 45/47 MP: 4/4
  2773 | D:3      | Reached skill level 6 in Axes
  2794 | D:3      | Found a glowing silver altar of Zin.
  2802 | D:3      | Reached skill level 5 in Fighting
  3084 | D:3      | Reached *** piety under Trog
  3313 | D:4      | Found a sand-covered staircase.
  3322 | Ossuary  | Entered an ossuary
  3363 | Ossuary  | Mangled by a mummy

Skill      XL: |  1  2  3  4  5 |
---------------+----------------+-----
Axes           | 4 5 6 |  6.9
Fighting       | 4 5 |  5.1
Armour         | |  2.9
Dodging        | |  2.1
Shields        | |  0.6

Action                   |  1- 3 |  4- 6 || total
-------------------------+-------+-------++-------
Melee: Hand axe          |    67 |   101 ||   168
       Headbutt          |     6 |    14 ||    20
Invok: Trog's Hand       |       |     1 ||     1
 Stab: Sleeping          |     2 |     4 ||     6
  Eat: Chunk             |     1 |     6 ||     7
Armor: Animal skin       |     4 |    16 ||    20
Dodge: Dodged            |    44 |    51 ||    95
Block: Buckler           |     1 |    12 ||    13
